 Dungeon Crawl Stone Soup version 0.26.0-16-gc1dbca0489 (webtiles) character file.

Game seed: 3635342414795661083

2210 112233 the Poker (level 9, -4/62 HPs)
             Began as an Octopode Fighter on Jan 19, 2021.
             Was an Initiate of Gozag.
             Slain by a centaur warrior
             ... wielding a cursed -3 shortbow
              (10 damage)
             ... on level 8 of the Dungeon.
             The game lasted 00:09:09 (8324 turns).

112233 the Poker (Octopode Fighter)                 Turns: 8324, Time: 00:09:09

Health: -4/62      AC:  1    Str: 15 (17) XL:     9   Next: 35%
Magic:  9/9        EV: 14    Int:  9 (11) God:    Gozag
Gold:   117        SH:  9    Dex:  9 (12) Spells: 8/8 levels left

rFire    . . .     SeeInvis .   u - +5 spear
rCold    . . .     Faith    .   b - +0 kite shield
rNeg     . . .     Spirit   .   (helmet restricted)
rPois    .         Reflect  .   (no amulet)
rElec    .         Harm     .   (no ring)
rCorr    .         Rampage  .   (no ring)
Will     .....                  (no ring)
Stlth    ++........             (no ring)
HPRegen  0.20/turn              (no ring)
MPRegen  0.11/turn              (no ring)
                                (no ring)
                                (no ring)

@: attractive
A: almost no armour, stealthy swim, amphibious, 8 rings, constrict 8, camouflage
1, gelatinous body 1
a: Renounce Religion, Potion Petition, Call Merchant, Bribe Branch


You were on level 8 of the Dungeon.
You worshipped Gozag.
Gozag was aware of your devotion.
You visited 2 branches of the dungeon, and saw 9 of its levels.

You collected 1281 gold pieces.
You paid 1164 gold pieces to Gozag.

Inventory:

Hand Weapons
 a - a +0 trident
 u - a +5 spear (weapon)
 y - a +1 halberd of flaming
 F - the +8 hand axe of Poverty {freeze, rPois Will+ Dex+4, unknown}
   (You found it on level 6 of the Dungeon)

   It has been specially enchanted to freeze those struck by it, causing extra
   injury to most foes and up to half again as much damage against particularly
   susceptible opponents.
   It can also slow down cold-blooded creatures.
   It affects your dexterity (+4).
   It protects you from poison.
   It affects your willpower, your defense against some magical effects.
Missiles
 o - 37 poisoned darts (quivered)
 w - 2 throwing nets {!f}
Armour
 b - a +0 kite shield (worn)
Jewellery
 p - an uncursed ring of protection from fire {unknown}
 s - an uncursed ring of protection from cold {unknown}
 G - an uncursed ring of willpower {unknown}
Wands
 c - a wand of acid (5)
 g - a wand of random effects (23)
 B - a wand of digging (8)
 E - a wand of iceblast (9)
Scrolls
 d - 4 scrolls of amnesia {unknown}
 e - 4 scrolls of blinking {unknown}
 f - 6 scrolls of remove curse {unknown}
 h - a scroll of enchant weapon
 i - 3 scrolls of enchant armour {unknown}
 j - 2 scrolls of teleportation {unknown}
 m - 11 scrolls of identify {unknown}
 r - 2 scrolls of immolation {unknown}
 z - 3 scrolls of fear {unknown}
 A - 2 scrolls of magic mapping {unknown}
Potions
 n - 4 potions of flight
 q - a potion of degeneration
 t - a potion of brilliance
 v - a potion of lignification {unknown}
 C - 3 potions of cancellation
 D - a potion of attraction


   Skills:
 + Level 6.3 Fighting
 * Level 7.6 Polearms
 + Level 6.3 Dodging
 + Level 6.3 Shields


You had 8 spell levels left.
You didn't know any spells.
Your spell library contained the following spells:

 Spells                   Type           Power        Failure   Level
 Corona                   Hex            0%           77%         1
 Foxfire                  Conj/Fire      0%           77%         1
 Sandblast                Erth           0%           77%         1
 Passwall                 Tmut/Erth      0%           88%         2
 Slow                     Hex            0%           88%         2
 Conjure Flame            Conj/Fire      0%           98%         3
 Inner Flame              Hex/Fire       0%           98%         3
 Portal Projectile        Hex/Tloc       0%           98%         3
 Stone Arrow              Conj/Erth      0%           98%         3
 Cause Fear               Hex            0%           100%        4
 Leda's Liquefaction      Hex/Erth       0%           100%        4
 Petrify                  Tmut/Erth      0%           100%        4
 Sticky Flame             Conj/Fire      0%           100%        4
 Fireball                 Conj/Fire      0%           100%        5
 Lee's Rapid Deconstruct  Erth           0%           100%        5


Dungeon Overview and Level Annotations

Branches:
Dungeon (8/15)             Temple (1/1) D:5
   Lair: D:8-11

Altars:
Dithmenos
Elyvilon
Gozag
Hepliaklqana
Makhleb
Okawaru
Qazlal
Ru
Sif Muna
Trog
Wu Jian
Zin

Shops:
D:4 (

Annotations:
D:8 Erica, Maggie


Innate Abilities, Weirdness & Mutations

You cannot wear most types of armour.
You are very stealthy in the water. (Stealth+)
You are amphibious.
You can wear up to eight rings at the same time.
You can use your tentacles to constrict eight enemies at once.
Your skin changes colour to match your surroundings (Stealth+).
Your rubbery body absorbs attacks. (AC +1, EV +1)


Message History

Unknown command.
It was a potion of curing.
You feel better. The centaur warrior closely misses you. Maggie misses you.
It was a potion of cancellation.
Your magical effects are unravelling.
You feel magically purged.
Your magical contamination has completely faded away.
You float gracefully downwards.
You flicker back into view.
You break out of your daze.
You feel a little less mighty now.
You feel a little less clever now.
Your resistance to elements expires.
The centaur warrior hits you with a cursed -3 shortbow!
* * * LOW HITPOINT WARNING * * *
Maggie closely misses you. You block the centaur warrior's attack.
It was a potion of attraction.
You feel attractive to monsters.
The centaur warrior hits you with a cursed -3 shortbow!
You die...
Your body crumbles into a pile of gold.

#. .# #.###.# .#
#.....##.#
#.....#..#
###....!#.##
##..........####
........c.......
#.....@@...#
####.#..@(#.##
.......<....#
####.#....### ♣
♣♣.#.# ♣♣♣.<.
#####


You could see Erica, Maggie and a centaur warrior.

Vanquished Creatures
  Eustachio (D:6)
  An ice beast (D:6)
  A black bear (D:6)
  An ogre (D:4)
  2 centaurs
  A phantom (D:6)
  4 bullfrogs
  3 scorpions
  A howler monkey (D:6)
  A centaur zombie (D:6)
  2 bullfrog zombies
  2 hounds (D:7)
  3 orc priests
  2 gnoll shamans
  3 orc wizards
  Terence (D:2)
  Ijyb (D:5)
  An iguana (D:5)
  9 worker ants
  A howler monkey skeleton (D:5)
  A worker ant zombie (D:7)
  8 adders
  15 gnolls
  A shadow imp (D:5)
  2 white imps
  2 oozes
  An adder skeleton (D:4)
  An adder zombie (D:5)
  6 worms
  5 dart slugs
  8 leopard geckos
  18 orcs
  15 bats
  4 giant cockroaches
  11 goblins
  11 hobgoblins
  7 jackals (D:4)
  11 kobolds
  3 quokkas
  3 frilled lizards
  10 rats
184 creatures vanquished.

Vanquished Creatures (others)
  37 plants (D:4)
37 creatures vanquished.

Grand Total: 221 creatures vanquished

Notes
Turn   | Place    | Note
-------+----------+-------------------------------------------
     0 | D:1      | 112233 the Octopode Fighter began the quest for the Orb.
     0 | D:1      | Reached XP level 1. HP: 16/16 MP: 1/1
    76 | D:2      | Reached XP level 2. HP: 21/21 MP: 2/2
   165 | D:3      | Reached XP level 3. HP: 26/26 MP: 3/3
   402 | D:2      | Reached XP level 4. HP: 6/31 MP: 4/4
   713 | D:2      | Found a bloodstained altar of Trog.
   746 | D:2      | Noticed Terence
   757 | D:2      | Killed Terence
   975 | D:3      | Found an opulent altar of Gozag.
   984 | D:3      | Found an ornate altar of the Wu Jian Council.
   986 | D:3      | Found a shadowy altar of Dithmenos.
   995 | D:3      | Became a worshipper of Gozag Ym Sagoz the Greedy
  1097 | D:3      | Reached skill level 3 in Polearms
  1097 | D:3      | Reached XP level 5. HP: 37/37 MP: 5/5
  2872 | D:3      | Found a glowing silver altar of Zin.
  2905 | D:4      | Noticed an ogre
  2912 | D:4      | Noticed a centaur
  2921 | D:4      | Reached XP level 6. HP: 43/43 MP: 6/6
  2940 | D:4      | Reached skill level 4 in Polearms
  2956 | D:4      | Reached XP level 7. HP: 24/49 MP: 7/7
  3278 | D:4      | Found Nysoi's Weapon Boutique.
  3404 | D:4      | HP: 2/49 [gnoll/+4 spear (13)]
  3657 | D:4      | Reached skill level 5 in Polearms
  4228 | D:5      | Entered Level 5 of the Dungeon
  4367 | D:5      | Reached skill level 5 in Dodging
  4447 | D:5      | Found a burning altar of Makhleb.
  4491 | D:5      | Reached skill level 5 in Shields
  4495 | D:5      | Reached skill level 5 in Fighting
  4603 | D:5      | Reached XP level 8. HP: 39/55 MP: 8/8
  4857 | D:5      | Found an iron altar of Okawaru.
  4868 | D:5      | Found a sacrificial altar of Ru.
  4930 | D:5      | Found a staircase to the Ecumenical Temple.
  4943 | Temple   | Entered the Ecumenical Temple
  5095 | D:5      | Noticed Ijyb
  5109 | D:5      | Killed Ijyb
  5159 | D:5      | Found a shimmering blue altar of Sif Muna.
  5399 | D:6      | Reached skill level 6 in Polearms
  5669 | D:6      | Noticed Eustachio
  6407 | D:6      | Killed Eustachio
  6408 | D:6      | Reached XP level 9. HP: 52/62 MP: 9/9
  6482 | D:6      | Reached skill level 7 in Polearms
  6528 | D:6      | Got a jewelled hand axe
  6603 | D:6      | Found a white marble altar of Elyvilon.
  8040 | D:7      | Found a shimmering blue altar of Sif Muna.
  8306 | D:8      | Noticed Maggie
  8309 | D:8      | Noticed a centaur warrior
  8317 | D:8      | Noticed Erica
  8324 | D:8      | Slain by a centaur warrior

Illustrated notes

Levels and vault maps discovered:
D:1:      doesnt_arrival_eight_statues, layout_basic
D:2:      minmay_angry_zag, layout_rooms, chequers_decorated_corner,
          trog_three_pillars_becter, uniq_terence, uniq_crazy_yiuf_cottage
D:3:      layout_loops_ring, general_overflow_altar, grunt_temple_overflow_open
D:4:      corexii_shack_village, layout_cave_pools, serial_bayou,
          serial_bayou_lagoon_a, serial_bayou_pond_b, serial_bayou_pond_c,
          serial_bayou_lagoon_b, serial_shops, nicolae_shop_trees,
          hangedman_abyss_or_decor_lesser_grid,
          minmay_fractal_squares_diagonal_5
D:5:      layout_cave_pools, kennysheep_mini, nicolae_ru_awakened_eye,
          kennysheep_little_box, minmay_temple_entry_proselytizer, basic_altar,
          uniq_ijyb
D:6:      layout_layer_cave, elyvilon_altar_1,
          amcnicky_mini_rare_corridor_liquid, uniq_eustachio
D:7:      layout_cave_pods, lemuel_coloured_pillars_altar, bh_walls_and_bars
D:8:      layout_loops_ring, chequers_temple_overflow_minitemple,
          introduction_to_nature_2, uniq_erica, uniq_maggie, uniq_psyche
Temple:   dpeg_three_leaves_temple

Skill      XL: |  1  2  3  4  5  6  7  8  9 |
---------------+----------------------------+-----
Polearms       | 3 4 5 6 7 |  7.6
Dodging        | 4 5 6 |  6.3
Shields        | 4 5 6 |  6.3
Fighting       | 4 5 6 |  6.3

Action                   |  1- 3 |  4- 6 |  7- 9 || total
-------------------------+-------+-------+-------++-------
Melee: Trident           |    62 |   164 |    36 ||   262
       Constrict         |    12 |    30 |    59 ||   101
       Tentacles         |     5 |    24 |    52 ||    81
       Spear             |       |       |   266 ||   266
Throw: Dart              |       |     1 |     5 ||     6
Invok: Potion Petition   |       |       |     2 ||     2
  Use: Potion            |       |     1 |     8 ||     9
       Scroll            |       |       |     1 ||     1
 Stab: Sleeping          |     4 |    11 |    17 ||    32
       Distracted        |       |     1 |       ||     1
Armor: Skin              |     4 |    10 |     4 ||    18
Dodge: Dodged            |     9 |    50 |    79 ||   138
Block: Kite shield       |    18 |    52 |    86 ||   156
